 Dungeon Crawl Stone Soup version 0.30-a0-937-ga0a21ad780 (webtiles) character file.

Game seed: 6419875544404725603

72 BigDaddyOpFi the Conjurer (level 4, -5/27 HPs)
             Began as an Octopode Conjurer on Mar 24, 2023.
             Killed by divine providence
             ... invoked by an orc priest
              (13 damage)
             ... on level 3 of the Dungeon.
             The game lasted 00:01:54 (2196 turns).

BigDaddyOpFi the Conjurer (Octopode Conjurer)       Turns: 2196, Time: 00:01:54

Health: -5/27      AC:  1    Str:  6    XL:     4   Next: 26%
Magic:  3/7        EV: 13    Int: 22    God:
Gold:   95         SH:  0    Dex: 10    Spells: 7/8 levels left

rFire   . . .      SeeInvis .    d - +0 mace
rCold   . . .      Faith    .    (no shield)
rNeg    . . .      Spirit   .    (helmet restricted)
rPois   .          Reflect  .    (no amulet)
rElec   .          Rampage  .    (no ring)
rCorr   .                        (no ring)
Will    .....                    (no ring)
Stlth   +++                      (no ring)
HPRegen 0.24/turn                (no ring)
MPRegen 0.10/turn                (no ring)
                                 (no ring)
                                 (no ring)

@: no status effects
A: almost no armour, amphibious, 8 rings, camouflage 1, gelatinous body 1,
(nimble swimmer 1), tentacles
a: no special abilities


You were on level 3 of the Dungeon.
You visited 1 branch of the dungeon, and saw 3 of its levels.

You collected 95 gold pieces.

Inventory:

Hand Weapons
 d - a +0 mace (weapon)
Wands
 j - a wand of polymorph (8)
Scrolls
 b - 2 scrolls of teleportation
 c - a scroll of immolation
 e - a scroll of identify
 g - a scroll of fear
Potions
 a - 2 potions of magic
 f - 2 potions of haste {unknown}
 h - 3 potions of heal wounds {unknown}
 i - a potion of curing {unknown}


   Skills:
 + Level 2.8 Dodging
 + Level 3.9 Stealth
 + Level 2.5 Spellcasting
 + Level 4.4 Conjurations


You had 7 spell levels left.
You knew the following spells:

 Your Spells              Type           Power      Damage    Failure   Level
a - Magic Dart            Conj           88%        1d7       1%          1

Your spell library contained the following spells:

 Spells                   Type           Power      Damage    Failure   Level
 Searing Ray              Conj           44%        2d6       3%          2
 Dazzling Flash           Conj/Hex       24%        N/A       16%         3
 Fulminant Prism          Conj/Hex       6%         3d7       45%         4
 Iskenderun's Mystic Bla  Conj/Tloc      12%        2d5       45%         4


Dungeon Overview and Level Annotations

Branches:
Dungeon (3/15)

Altars:


Innate Abilities, Weirdness & Mutations

You cannot wear most types of armour.
You are amphibious.
You can wear up to eight rings at the same time.
Your skin changes colour to match your surroundings (Stealth+).
Your rubbery body absorbs attacks. (AC +1, EV +1)
((You are camouflaged when in or above water. (Stealth+)))
You have tentacles for arms and can constrict up to eight enemies at once.


Message History

Aim: an orc priest, wielding a +0 short sword and wearing a +0 leather armour (heavily wounded, 100% to hit)
The magic dart hits the orc priest.
The orc priest is severely wounded.
A worm comes into view.
The orc priest looks braver for a moment.
A hobgoblin comes into view.
Casting: Magic Dart (safe; 1% risk of failure)
Confirm with . or Enter, or press ? or * to list all spells.
Aiming: Magic Dart (safe; 1% risk of failure)
Press: ? - help, Shift-Dir - straight line, p - orc priest
Okay, then.
You closely miss the orc priest. You grab the orc priest.
The orc priest is severely wounded.
You constrict the orc priest, but do no damage.
An orc comes into view.
It is wielding a +2 heavy war axe and quivering poisoned darts.
The orc priest calls down the wrath of Beogh upon you.
Pain shoots through your body!
You barely miss the orc priest.
The orc priest is severely wounded.
You constrict the orc priest, but do no damage.
The orc priest hits you but does no damage.
You hit the orc priest but do no damage.
The orc priest is severely wounded.
You constrict the orc priest, but do no damage.
The orc priest escapes!
The orc priest hits you with a +0 short sword.
Unknown command.
You hit the orc priest. Your grab misses the orc priest.
The orc priest is severely wounded.
The orc misses you.
The orc priest mumbles some strange prayers to Beogh against you.
Beogh smites you!
You closely miss the orc priest. Your grab misses the orc priest.
The orc priest is severely wounded.
The orc misses you. The orc priest barely misses you.
The orc hits you with a +0 short sword.
* * * LOW HITPOINT WARNING * * *
The orc priest mumbles some strange prayers to Beogh against you.
Beogh smites you!
You die...

## .## ..## ..# #
##.###w...
###.@ogoo.>.
#...o###.###
##.##.#
#####..##.#
#...#.###.#
#####.....###.#.
#....)..........#
#.###...####..###
#.......# #..##


You could see a worm, an orc priest, 3 orcs and a hobgoblin.

Vanquished Creatures
  2 adders (D:2)
  4 dart slugs (D:1)
  8 bats
  3 endoplasms
  4 giant cockroaches
  3 hobgoblins (D:1)
  4 quokkas
  5 ball pythons
  3 frilled lizards
  5 goblins
  2 rats (D:1)
43 creatures vanquished.

Notes
Turn   | Place    | Note
-------+----------+-------------------------------------------
     0 | D:1      | BigDaddyOpFi the Octopode Conjurer began the quest for the
                  | Orb.
     0 | D:1      | Reached XP level 1. HP: 11/11 MP: 3/3
    97 | D:1      | Reached XP level 2. HP: 17/17 MP: 0/5
   518 | D:1      | Found a faded altar of an unknown god.
   978 | D:1      | Reached XP level 3. HP: 21/21 MP: 2/6
  1352 | D:2      | Identified the +6 scale mail of Peuhetyo {rC+}
  1622 | D:2      | Reached XP level 4. HP: 21/27 MP: 4/7
  2196 | D:3      | Killed from afar by an orc priest

Illustrated notes

Levels and vault maps discovered:
D:1:      heliophobic_arrival_ceremonial_halls, layout_loops_cross,
          ebering_ecumenical_altar_webs, minivault_19, minmay_crystal_room,
          hangedman_decor_growths, patterned_corridor
D:2:      layout_basic
D:3:      layout_rooms, mainiacjoe_overflow_paths, lemuel_round_altar,
          portal_sewer_entry_f

Skill      XL: |  1 |
---------------+----+-----
Stealth        | 3 |  3.9
Dodging        | |  2.8
Spellcasting   | |  2.5
Conjurations   | |  4.4

Action                     |  1- 3 |  4- 6 || total
---------------------------+-------+-------++-------
  Melee: Unarmed           |     5 |       ||     5
         Tentacles         |     5 |       ||     5
         Constrict         |     6 |     1 ||     7
         Mace              |    11 |     5 ||    16
   Cast: Magic Dart        |    69 |    16 ||    85
    Use: Scroll            |       |     3 ||     3
   Stab: Sleeping          |     2 |       ||     2
 Armour: Skin              |     1 |     1 ||     2
  Dodge: Dodged            |    22 |     7 ||    29

Table legend: (Time is in decaauts)
 A = Elapsed time spent in this place.
 B = Non-inter-level travel time spent in this place.
 C = Inter-level travel time spent in this place.
 D = Time resting spent in this place.
 E = Time spent auto-exploring this place.
 F = Levels seen in this place.
 G = Mean time per level.
                   A        B        C        D        E       F      G
               +--------+--------+--------+--------+--------+-----+--------+
         Total |   2201 |   2176 |     25 |      0 |   1898 |   3 |  733.7 |
       Dungeon |   2201 |   2176 |     25 |      0 |   1898 |   3 |  733.7 |
               +--------+--------+--------+--------+--------+-----+--------+

Top non-repeatable levels by time:
     D:1: 1288 daAuts
     D:2: 869 daAuts
     D:3: 43 daAuts
